 Dungeon Crawl Stone Soup version 0.17-a0-854-g4a4ba72 (webtiles) character file.

32 tesudzi the Skirmisher (level 3, 0/20 HPs)
             Began as a Vine Stalker Wanderer on Apr 28, 2015.
             Succumbed to an adder's poison
             ... on level 1 of the Dungeon.
             The game lasted 00:03:22 (957 turns).

tesudzi the Skirmisher (Vine Stalker Wanderer)       Turns: 957, Time: 00:03:22

Health: 0/20       AC:  6    Str: 13    XL:     3   Next: 27%
Magic:  0/4        EV: 10    Int: 15    God:
Gold:   28         SH:  0    Dex: 12    Spells: 0 memorised, 2 levels left

rFire  . . .     SeeInvis .     a - +2 hand crossbow
rCold  . . .     Clarity  .     d - +0 ring mail
rNeg   . . .     SustAb   .     (no shield)
rPois  .         Gourm    .     (no helmet)
rElec  .         Spirit   +     (no cloak)
rCorr  .         Warding  .     (no gloves)
rMut   .         Stasis   .     (no boots)
MR     .....                    (no amulet)
Stlth  +.........               (no ring)
                                (no ring)

@: lethally poisoned (0 -> -2), not resistant to hostile enchantments, very
unstealthy
A: fangs 2, regeneration 1, shaggy fur 1, magic shield, antimagic bite, no
device heal 3, rot immunity
a: no special abilities


You were on level 1 of the Dungeon.
You were not hungry.

You visited 1 branch of the dungeon, and saw 2 of its levels.

You collected 28 gold pieces.

Inventory:

Hand weapons
 a - a +2 hand crossbow (weapon)
Missiles
 b - 25 bolts (quivered)
Armour
 d - a +0 ring mail (worn)
Scrolls
 f - a scroll of magic mapping {unknown}
 h - a scroll of amnesia {unknown}
 i - a scroll of recharging {unknown}
 j - a scroll of blinking {unknown}
 m - 2 scrolls of identify {unknown}
 n - a scroll of enchant weapon {unknown}
Potions
 g - a potion of lignification {unknown}
Comestibles
 e - a bread ration
 l - a meat ration


   Skills:
 - Level 3.4 Fighting
 * Level 1.7 Crossbows
 - Level 1.0 Throwing
 - Level 3.3 Armour
   Level 1.0 Shields


You had 2 spell levels left.
You didn't know any spells.

Dungeon Overview and Level Annotations

Branches:
Dungeon (2/15)

Altars:


Innate Abilities, Weirdness & Mutations

You have extremely sharp teeth.
Your natural rate of healing is unusually fast.
You are covered in fur (AC +1).
When hurt, damage is shared between your health and your magic reserves.
Your bite disrupts and absorbs the magic of your enemies.
Potions and wands cannot restore your health.
You are immune to rotting.


Message History

You are too injured to fight recklessly!
You are too injured to fight recklessly!
You are too injured to fight recklessly!
You feel sick. The adder bites you but does no damage.
The hobgoblin hits you but does no damage.
You climb upwards.
There is a stone staircase leading down here.
Unknown command.
Drink which item? (? for menu, Esc to quit)
You feel better. The adder bites you.
* * * LOW HITPOINT WARNING * * *
You are poisoned.
The adder poisons you! The adder barely misses you. The hobgoblin hits you.
* * * LOW HITPOINT WARNING * * *
Firing (i - inventory):
b - 26 bolts (quivered)
Press: ? - help, Shift-Dir - straight line, f - adder
Aim: an adder (heavily wounded)
You shoot a bolt. The bolt hits the adder.
The adder is heavily wounded.
You die...

#.########..#....#
###.......# ###'######
##[#....# #.......#
#...#≈≈≈≈# #......#
###.......# #.#.#≈##≈#
##.....# #.........#
#.###≈≈≈≈###
#.....####'#########
#.≈≈#≈#<≈'.###...........#
###≈#≈#≈≈#...............#
###≈#≈##≈####...S##......#
'.≈#≈#≈≈≈# #...@g+......#
##########
#######......########
#......#........
#.####.#........ #.#
#.#........ #†#
#.#........ #.#
#.#........ #.#
#.#........ #.#
#.+........


You could see an adder and a hobgoblin.

Vanquished Creatures
  A giant gecko (D:1)
  A ball python (D:1)
  2 goblins (D:1)
  4 hobgoblins (D:1)
  6 jackals (D:1)
  4 kobolds (D:1)
  6 bats
  A giant cockroach (D:1)
  2 rats (D:1)
27 creatures vanquished.

Notes
Turn   | Place    | Note
--------------------------------------------------------------
     0 | D:1      | tesudzi, the Vine Stalker Wanderer, began the quest for the Orb.
     0 | D:1      | tesudzi set off with: a +2 hand crossbow, 19 bolts, a potion of curing, a +0 ring mail, a bread ration
     0 | D:1      | Reached XP level 1. HP: 11/11 MP: 2/2
    93 | D:1      | Reached XP level 2. HP: 16/16 MP: 3/3
   558 | D:1      | Reached XP level 3. HP: 20/20 MP: 4/4
   956 | D:1      | HP: 1/20 [hobgoblin (3)]
   957 | D:1      | Succumbed to an adder's poison

Action                   || total
-------------------------++-------
Melee: Unarmed           ||    55
 Fire: Hand crossbow     ||    53
  Use: Potion            ||     1
